 Dungeon Crawl Stone Soup version 0.29.1-15-g9cfb28693d (webtiles) character file.

Game seed: 14000526285478536588

4 javelincjr the Trooper (level 1, 0/18 HPs)
             Began as a Demonspawn Abyssal Knight on Mar 25, 2023.
             Was a Believer of Lugonu.
             Slain by a hobgoblin (1 damage)
             ... on level 1 of the Dungeon.
             The game lasted 00:01:16 (641 turns).

javelincjr the Trooper (Demonspawn Abyssal Knight)   Turns: 641, Time: 00:01:16

Health: 0/18       AC:  0    Str: 13    XL:     1   Next: 58%
Magic:  2/2        EV: 11    Int: 11    God:    Lugonu [**....]
Gold:   16         SH:  0    Dex: 13    Spells: 0/0 levels left

rFire   . . .      SeeInvis .   a - +1 hand axe
rCold   . . .      Faith    .   (no shield)
rNeg    . . .      Spirit   .   (no body armour)
rPois   .          Reflect  .   (no helmet)
rElec   .          Harm     .   (no cloak)
rCorr   .          Rampage  .   (no gloves)
Will    .....                   (no boots)
Stlth   +.........              (no amulet)
HPRegen 0.06/turn               (no ring)
MPRegen 0.08/turn               (no ring)

@: no status effects
A: no striking features
a: Renounce Religion, Depart the Abyss, Bend Space


You were on level 1 of the Dungeon.
You worshipped Lugonu.
Lugonu was pleased with you.
You visited 1 branch of the dungeon, and saw 1 of its levels.
You visited the Abyss 1 time.

You collected 16 gold pieces.

Inventory:

Hand Weapons
 a - a +1 hand axe (weapon)
Armour
 b - a +0 leather armour
 c - a +0 chain mail


   Skills:
 + Level 3.0 Fighting
 + Level 1.8 Axes
 + Level 1.8 Armour
 + Level 1.0 Dodging
 + Level 2.5 Invocations


You couldn't memorise any spells.
You didn't know any spells.
Your spell library was empty.

Dungeon Overview and Level Annotations

Branches:
Dungeon (1/15)

Altars:


Message History

You hit the hobgoblin.
You kill the hobgoblin!
Lugonu accepts your kill.
A hobgoblin comes into view.
The giant cockroach closely misses you.
You see here a hobgoblin corpse.
You completely miss the giant cockroach.
The hobgoblin shouts!
You hear a shout!
The giant cockroach bites you.
You closely miss the giant cockroach. The giant cockroach closely misses you.
A kobold comes into view.
It is wielding a +1 short sword of draining.
The giant cockroach barely misses you.
You hit the giant cockroach but do no damage.
The giant cockroach closely misses you.
You barely miss the giant cockroach. The giant cockroach misses you.
You barely miss the giant cockroach. The giant cockroach bites you.
The giant cockroach closely misses you. The hobgoblin hits you.
You are too injured to fight recklessly!
You are too injured to fight recklessly!
You are too injured to fight recklessly!
You closely miss the hobgoblin. You barely miss the giant cockroach.
The giant cockroach misses you. The hobgoblin hits you.
* * * LOW HITPOINT WARNING * * *
An endoplasm comes into view.
You closely miss the hobgoblin.
The endoplasm quivers.
You hit the giant cockroach but do no damage.
The giant cockroach closely misses you. The hobgoblin barely misses you.
The giant cockroach bites you.
* * * LOW HITPOINT WARNING * * *
You hit the hobgoblin.
The hobgoblin is lightly wounded.
You closely miss the giant cockroach. The hobgoblin hits you.
* * * LOW HITPOINT WARNING * * *
The giant cockroach completely misses you.
You hit the hobgoblin.
The hobgoblin is moderately wounded.
You hit the giant cockroach but do no damage.
The hobgoblin hits you.
You die...

.................#
###............# .#
#######)...#.#####..##
##...##.........#
#....##....##... .
#####.......##.# ...
#............#K##.J...
#......#####.Bg...#
#...†........@###.#
######...##.....# ..
#...........#...........
#.................#####.
#...................
##..........###.###..#
.............##.# #...
###..).########.# ...
#.............#.# ##


You could see an endoplasm, a giant cockroach, a hobgoblin and a kobold.

Vanquished Creatures
  A hobgoblin (D:1)
  A frilled lizard (D:1)
  2 kobolds (D:1)
  A rat (D:1)
5 creatures vanquished.

Notes
Turn   | Place    | Note
-------+----------+-------------------------------------------
     0 | Abyss:1  | javelincjr the Demonspawn Abyssal Knight began the quest
                  | for the Orb.
     0 | Abyss:1  | Reached XP level 1. HP: 18/18 MP: 2/2
   182 | Abyss:1  | Noticed a jelly
   214 | Abyss:3  | Noticed a guardian serpent
   217 | Abyss:3  | Noticed a swamp dragon
   220 | D:1      | Escaped the Abyss
   530 | D:1      | Reached ** piety under Lugonu
   591 | D:1      | Reached skill level 1 in Dodging
   641 | D:1      | Slain by a hobgoblin

Illustrated notes

Levels and vault maps discovered:
D:1:      amcnicky_arrival_blooded_trapdoor, layout_rooms

Skill      XL: |  1 |
---------------+----+-----
Dodging        | 1 |  1.0
Fighting       | |  3.0
Axes           | |  1.8
Armour         | |  1.8
Invocations    | |  2.5

Action                   || total
-------------------------++-------
Melee: Hand axe          ||    23
Invok: Depart the Abyss  ||     1
Armor: Leather armour    ||     6
Dodge: Dodged            ||    17
